 Dungeon Crawl Stone Soup version 0.26.0-10-g1f06aea511 (webtiles) character file.

Game seed: 3704750037162339277

4206 Froggeryz the Basher (level 10, -7/90 HPs)
             Began as a Gargoyle Delver on Jan 14, 2021.
             Was a Priest of Okawaru.
             Mangled by a thrashing horror (12 damage)
             ... on level 2 of the Abyss.
             The game lasted 00:13:24 (9439 turns).

Froggeryz the Basher (Gargoyle Delver)              Turns: 9439, Time: 00:13:24

Health: -7/90      AC: 19    Str: 19    XL:     10   Next: 29%
Magic:  9/10       EV: 10    Int: 11    God:    Okawaru [***...]
Gold:   396        SH:  0    Dex: 11    Spells: 9/9 levels left

rFire    + . .     SeeInvis .   s - +0 flail
rCold    + + .     Faith    .   (no shield)
rNeg     + . .     Spirit   .   k - +2 scale mail {rC+}
rPois    ∞         Reflect  .   r - +0 helmet
rElec    +         Harm     .   y - scarf {rC+ rF+}
rCorr    .         Rampage  .   (no gloves)
Will     .....     Rnd*Rage +   m - +2 pair of boots
Stlth    ..........             (no amulet)
HPRegen  0.25/turn              (no ring)
MPRegen  0.12/turn              (no ring)

@: berserking, very quick
A: talons 1, berserk 1, negative energy resistance 1, electricity resistance,
unbreathing, petrification resistance, miasma immunity, AC +7
a: Renounce Religion, Heroism


You were on level 2 of the Abyss.
You worshipped Okawaru.
Okawaru was most pleased with you.
You visited 2 branches of the dungeon, and saw 10 of its levels.
You visited the Abyss 1 time.

You collected 396 gold pieces.

Inventory:

Hand Weapons
 s - a +0 flail (weapon)
Missiles
 q - 4 javelins (quivered)
Armour
 k - a +2 scale mail of cold resistance (worn)
 m - a +2 pair of boots (worn)
 r - a +0 helmet (worn)
 y - a scarf of resistance (worn)
 D - a +0 kite shield
Jewellery
 i - an uncursed ring of fire
Wands
 a - a wand of random effects (24)
 g - a wand of digging (3)
Scrolls
 b - 5 scrolls of identify
 c - 2 scrolls of fog
 d - a scroll of magic mapping
 o - 2 scrolls of enchant armour {unknown}
 p - 2 scrolls of random uselessness {unknown}
 t - 3 scrolls of remove curse
 u - a scroll of enchant weapon {unknown}
 A - a scroll of noise {unknown}
 B - a scroll of immolation {unknown}
Potions
 j - a potion of invisibility
 n - 4 potions of lignification
 x - a potion of flight
 z - a potion of brilliance {unknown}


   Skills:
 + Level 6.0 Fighting
 * Level 13.3 Maces & Flails
 - Level 2.0 Armour
 - Level 1.5 Dodging
 - Level 5.4 Stealth


You had 9 spell levels left.
You didn't know any spells.
Your spell library contained the following spells:

 Spells                   Type           Power        Failure   Level
 Magic Dart               Conj           0%           71%         1
 Sandblast                Erth           0%           71%         1
 Passwall                 Tmut/Erth      0%           85%         2
 Searing Ray              Conj           0%           85%         2
 Dazzling Flash           Conj/Hex       0%           97%         3
 Stone Arrow              Conj/Erth      0%           97%         3
 Fulminant Prism          Conj/Hex       0%           100%        4
 Iskenderun's Mystic Bla  Conj/Tloc      0%           100%        4
 Petrify                  Tmut/Erth      0%           100%        4
 Lee's Rapid Deconstruct  Erth           0%           100%        5


Dungeon Overview and Level Annotations

Branches:
Dungeon (9/15)             Temple (1/1) D:5
   Lair: D:8-11         Orc: D:9-12

Altars:
Ashenzari
Cheibriados
Fedhas
Gozag
Kikubaaqudgha
Makhleb
Okawaru
Sif Muna
Trog
Wu Jian

Shops:
D:5 (:[

Annotations:
D:8 Psyche


Innate Abilities, Weirdness & Mutations

You are resistant to torment.
Your stone body is resilient. (AC +7)
You are immune to poison.
You resist negative energy. (rN+)
You are resistant to electric shocks. (rElec)
You can survive without breathing.
You are immune to petrification.
You are immune to miasma.
You have sharp toenails.
You tend to lose your temper in combat.


Message History

The thrashing horror is severely damaged.
The thrashing horror closely misses you.
The thrashing horror tramples you but does no damage.
You barely miss the thrashing horror.
The thrashing horror is severely damaged.
The thrashing horror churns violently!
The thrashing horror seems to grow stronger.
The hell hog bites you but does no damage.
You hit the thrashing horror.
The thrashing horror is almost destroyed.
The thrashing horror tramples you!
* * * LOW HITPOINT WARNING * * *
You hold your ground!
The thrashing horror tramples you.
* * * LOW HITPOINT WARNING * * *
You hold your ground!
The hell hog bites you but does no damage.
You closely miss the thrashing horror.
The thrashing horror is almost destroyed.
The thrashing horror tramples you!
You die...

.. #..
.#.... #
....####. .
# #.#. ...#
. . #
.....#.#
.#..#...#
#..5..## .
#...#.#
....##@.## .
..###Xh..###
# # #
#...#.##.#
.##
#.##(##..#
.# ####.# ##
.### ##.##.
. . ##. ## .
.. .##.
..#.... .###
. ..# ..


You could see a hell hog, a thrashing horror (strong) and an ufetubus.

Vanquished Creatures
  Harold (D:7)
  The ghost of Valentain the Reanimator, a novice DEDe (D:5)
  Maggie (D:8)
  An ancient zyme (Abyss:2)
  A tarantella (shapeshifter) (Abyss:2)
  A neqoxec (Abyss:2)
  A water moccasin (D:5)
  3 orc warriors
  3 sky beasts
  2 ice beasts
  A phantom (D:5)
  A centaur (D:3)
  An ogre (D:7)
  2 bullfrogs (D:8)
  2 scorpions (D:5)
  A wyvern skeleton (D:5)
  A howler monkey (D:5)
  A quasit (D:5)
  2 centaur skeletons
  A jelly (D:6)
  2 orc priests
  A hound (D:4)
  A bullfrog zombie (D:5)
  7 orc wizards
  An iguana (D:7)
  A worker ant (D:8)
  A bullfrog simulacrum (D:5)
  Robin (D:4)
  11 gnolls
  9 adders
  A shadow imp (D:5)
  A white imp (D:5)
  2 ufetubi
  2 oozes
  2 adder skeletons
  2 worms (D:3)
  2 dart slugs
  4 leopard geckos
  20 orcs
  7 bats
  6 giant cockroaches
  11 hobgoblins
  12 jackals
  5 kobolds
  3 quokkas (D:5)
  A ball python (D:1)
  9 frilled lizards
  11 goblins
  2 jackal simulacra (D:5)
  A leopard gecko skeleton (D:5)
  A quokka simulacrum (D:5)
  4 rats
172 creatures vanquished.

Vanquished Creatures (others)
  2 starspawn tentacles (Abyss:2)
2 creatures vanquished.

Grand Total: 174 creatures vanquished

Notes
Turn   | Place    | Note
-------+----------+-------------------------------------------
     0 | D:5      | Froggeryz the Gargoyle Delver began the quest for the Orb.
     0 | D:5      | Reached XP level 1. HP: 14/14 MP: 1/1
     2 | D:5      | Noticed a scorpion
    41 | D:4      | Found a blossoming altar of Fedhas.
    41 | D:4      | Noticed a hound
    44 | D:4      | Noticed a centaur
    60 | D:3      | Noticed an orc wizard
    63 | D:3      | Noticed an orc priest
   186 | D:1      | Reached XP level 2. HP: 14/19 MP: 2/2
   286 | D:1      | Reached skill level 1 in Armour
   655 | D:1      | Reached skill level 3 in Maces & Flails
   655 | D:1      | Reached XP level 3. HP: 17/23 MP: 3/3
  1938 | D:2      | Reached XP level 4. HP: 16/28 MP: 4/4
  2198 | D:2      | Reached skill level 4 in Maces & Flails
  2748 | D:2      | Reached XP level 5. HP: 32/32 MP: 5/5
  2767 | D:3      | Reached skill level 5 in Maces & Flails
  3311 | D:3      | Reached XP level 6. HP: 35/37 MP: 6/6
  3394 | D:3      | Found a snail-covered altar of Cheibriados.
  3396 | D:3      | Found a broken altar of Ashenzari.
  3618 | D:3      | Reached skill level 6 in Maces & Flails
  4189 | D:4      | Reached XP level 7. HP: 41/41 MP: 7/7
  4203 | D:4      | Noticed Robin
  4240 | D:4      | Reached skill level 7 in Maces & Flails
  4252 | D:4      | Killed Robin
  5258 | D:5      | Found Izitirr's Antique Weapon Shop.
  5303 | D:5      | Reached skill level 8 in Maces & Flails
  5408 | D:5      | Found Etulen's Armour Shoppe.
  5415 | D:5      | Found Bicwupn's Book Shop.
  5533 | D:5      | Found a staircase to the Ecumenical Temple.
  5552 | Temple   | Entered the Ecumenical Temple
  5595 | Temple   | Became a worshipper of Warmaster Okawaru
  5628 | D:5      | Reached XP level 8. HP: 42/46 MP: 8/8
  5699 | D:5      | Noticed Valentain's ghost (novice DEDe)
  5727 | D:5      | Reached skill level 9 in Maces & Flails
  5769 | D:5      | Found a runed translucent gate.
  5769 | D:5      | Found a runed translucent gate.
  5769 | D:5      | Found a runed translucent gate.
  5859 | D:5      | Found a shimmering blue altar of Sif Muna.
  5859 | D:5      | Found a burning altar of Makhleb.
  6438 | D:5      | Reached skill level 10 in Maces & Flails
  6469 | D:5      | Killed Valentain's ghost
  6469 | D:5      | Reached * piety under Okawaru
  6470 | D:5      | Reached skill level 11 in Maces & Flails
  6470 | D:5      | Reached XP level 9. HP: 41/51 MP: 9/9
  7045 | D:6      | Reached ** piety under Okawaru
  7889 | D:7      | Reached skill level 12 in Maces & Flails
  8385 | D:8      | Noticed Maggie
  8406 | D:8      | Killed Maggie
  8541 | D:8      | Found a bloodstained altar of Trog.
  8541 | D:8      | Noticed Psyche
  8571 | D:9      | Noticed a troll
  8594 | D:8      | Noticed Harold
  9001 | D:7      | Killed Harold
  9002 | D:7      | Reached skill level 5 in Fighting
  9002 | D:7      | Reached skill level 13 in Maces & Flails
  9002 | D:7      | Reached XP level 10. HP: 51/60 MP: 8/10
  9071 | D:8      | Noticed Psyche
  9071 | D:8      | Psyche changed into Psyche the naga
  9078 | D:8      | Cast into level 2 of the Abyss (Psyche)
  9098 | Abyss:2  | Noticed a tentacled starspawn
  9145 | Abyss:2  | Reached *** piety under Okawaru
  9181 | Abyss:2  | Gained mutation: You have sharp toenails. [a neqoxec]
  9185 | Abyss:2  | Gained mutation: You tend to lose your temper in combat. [a
                  | neqoxec]
  9384 | Abyss:2  | Noticed a hell hog
  9385 | Abyss:2  | Noticed a hell hog
  9392 | Abyss:2  | Noticed a thrashing horror
  9439 | Abyss:2  | Mangled by a thrashing horror

Illustrated notes

Levels and vault maps discovered:
D:1:      nicolae_arrival_washed_ashore, layout_basic, serial_forest,
          infiniplex_forest_straight_1, infiniplex_forest_lined_room_2,
          infiniplex_forest_corner_1, infiniplex_forest_clump_C,
          infiniplex_forest_lined_1
D:2:      layout_loops_ring
D:3:      layout_basic, gammafunk_temple_overflow_statue, minmay_door_square,
          hex_intersection
D:4:      layout_cave_pools, fedhas_bush_and_centaur_altar, uniq_robin
D:5:      layout_gridville, gammafunk_temple_overflow_wave,
          minmay_temple_entry_mini_moons, serial_shops, nicolae_shop_waterfront,
          kennysheep_mini_moat, nicolae_shop_crystal, gammafunk_ghost_icy,
          eino_small_chamber_without_monster
D:6:      layout_layer_cave
D:7:      layout_cave_pools
D:8:      layout_gridville, old_standard_altar, uniq_psyche, uniq_harold,
          uniq_maggie
D:9:      layout_roguey, dpeg_oklobed_lair, hiddenorc2_lemuel, hex_tiny,
          chequers_decorated_corner, nzn_life_drinkers
Temple:   regret_index_temple_sphere_string
Abyss:2:  base: D:6, evilmike_abyss_exit_9, evilmike_abyss_exit_chaos,
          hangedman_abyss_batty_box, evilmike_abyss_exit_10

Skill      XL: |  1  2  3  4  5  6  7  8  9 10 |
---------------+-------------------------------+-----
Armour         | 1 2 |  2.0
Maces & Flails | 3 4 5 6 8 11 13 | 13.3
Fighting       | 5 6 |  6.0
Dodging        | |  1.5
Stealth        | |  5.4

Action                   |  1- 3 |  4- 6 |  7- 9 | 10-12 || total
-------------------------+-------+-------+-------+-------++-------
Melee: Mace              |   133 |    13 |       |       ||   146
       Flail             |       |   268 |   491 |    66 ||   825
       Punch             |       |       |     2 |     1 ||     3
Throw: Javelin           |       |       |     3 |     1 ||     4
       Throwing net      |       |       |     2 |     2 ||     4
Invok: Heroism           |       |       |     1 |     3 ||     4
Evoke: Wand              |       |       |     9 |     7 ||    16
  Use: Potion            |       |     3 |     3 |     5 ||    11
       Scroll            |       |       |    11 |     2 ||    13
 Stab: Sleeping          |     9 |     1 |     2 |       ||    12
Armor: Leather armour    |    27 |       |       |       ||    27
       Ring mail         |    28 |       |       |       ||    28
       Scale mail        |    25 |   289 |   298 |    52 ||   664
Dodge: Dodged            |    92 |   241 |   232 |    56 ||   621
